 Dungeon Crawl Stone Soup version 0.30.0-29-ga12c61a403 (webtiles) character file.

Game seed: 3744700436807605138

1248 H0rd4k the Cutter (level 8, 0/55 (60) HPs)
             Began as a Human Artificer on June 23, 2023.
             Slain by a wight
             ... wielding a +3 halberd of freezing
              (4 damage)
             ... on level 6 of the Dungeon.
             The game lasted 00:10:57 (6687 turns).

H0rd4k the Cutter (Human Artificer)                 Turns: 6687, Time: 00:10:58

HP:   0/55 (60)     AC:  3    Str: 18    XL:     8   Next: 79%
MP:   0/8           EV: 13    Int: 14    God:
Gold: 335           SH:  0    Dex: 14    Spells: 7/7 levels left

rFire   . . .        E - +2 dagger (holy)
rCold   . . .        (no shield)
rNeg    . . .        y - +1 robe "Vemar" {rCorr}
rPois   +            (no helmet)
rElec   .            (no cloak)
rCorr   +            (no gloves)
SInv    .            (no boots)
Will    .....        q - amulet of guardian spirit
Stlth   ++           n - +6 ring of strength
HPRegen 0.29/turn    f - ring of poison resistance
MPRegen 0.11/turn

%: guardian spirit
@: drained
A: no striking features
a: no special abilities


You were on level 6 of the Dungeon.
You visited 1 branch of the dungeon, and saw 6 of its levels.
You also visited: Sewer.

You collected 335 gold pieces.

Inventory:

Hand Weapons
 c - a +2 dagger of protection
 j - a +0 dagger of pain
 E - a +2 dagger of holy wrath (weapon)
Missiles
 k - a poisoned dart
 t - a throwing net
Armour
 b - a +0 leather armour
 y - the +1 robe "Vemar" (worn) {rCorr}
   (You found it on level 4 of the Dungeon)

   rCorr:     It protects you from acid and corrosion.
Jewellery
 d - a +5 ring of evasion
 f - a ring of poison resistance (right hand)
 l - a ring of resist corrosion
 n - a +6 ring of strength (left hand)
 q - an amulet of guardian spirit (around neck)
 z - a +6 ring of strength
Wands
 D - a wand of quicksilver (11)
Scrolls
 g - 2 scrolls of blinking
 h - a scroll of fear {unknown}
 i - 3 scrolls of enchant armour
 m - a scroll of poison {unknown}
 o - 3 scrolls of vulnerability
 p - 3 scrolls of amnesia
 u - 2 scrolls of magic mapping
 x - a scroll of identify
Potions
 a - a potion of attraction
 r - a potion of cancellation {unknown}
 s - a potion of brilliance {unknown}
 v - a potion of haste {unknown}
 w - 4 potions of curing
 A - a potion of resistance
 B - a potion of degeneration {unknown}
 C - a potion of might


   Skills:
 + Level 3.9 Fighting
 + Level 5.4 Short Blades
 - Level 1.0 Maces & Flails
 - Level 2.0 Armour
 + Level 4.6 Dodging
 + Level 3.4 Stealth
 + Level 5.1 Evocations


You had 7 spell levels left.
You didn't know any spells.
Your spell library contained the following spells:

 Spells                   Type           Power      Damage    Failure   Level
 Sandblast                Erth           0%         2d4       28%         1
 Passwall                 Tmut/Erth      0%         N/A       41%         2
 Sublimation of Blood     Necr           0%         N/A       41%         2
 Wereblood                Tmut           0%         N/A       41%         2
 Stone Arrow              Conj/Erth      0%         3d7       65%         3
 Tukima's Dance           Hex            0%         N/A       65%         3
 Passage of Golubria      Tloc           0%         N/A       96%         4
 Summon Lightning Spire   Summ/Air       0%         N/A       96%         4
 Yara's Violent Unravell  Hex/Tmut       0%         3d3       100%        5
 Storm Form               Tmut/Air       0%         N/A       100%        7
 Summon Hydra             Summ           0%         N/A       100%        7
 Maxwell's Capacitive Co  Air            0%         ∞         100%        8


Dungeon Overview and Level Annotations

Branches:
Dungeon (6/15)              Sewer (visited)
 Temple: D:4-7

Altars:
Fedhas
Yredelemnul

Shops:
D:1 !   D:3 =   D:4 (

Annotations:
D:4 Pikel
D:6 exclusion: ogre


Message History

Your +1 dagger of holy wrath softly glows with a divine radiance!
E - a +1 dagger of holy wrath (weapon)
As you read the scroll of enchant weapon, it crumbles to dust.
Your +1 dagger of holy wrath glows red for a moment.
The wight hits you from afar with a +3 halberd of freezing!
The wight freezes you. The wight barely misses you.
You hit the wight.
The wight convulses.
The wight is moderately damaged.
The wight misses you.
You hit the wight.
The wight convulses.
The wight is almost destroyed.
The wight hits you with a +3 halberd of freezing.
You feel drained. The wight freezes you.
You hit the wight but do no damage.
The wight is almost destroyed.
The wight closely misses you.
You hit the wight but do no damage.
The wight is almost destroyed.
You closely miss the wight.
The wight is almost destroyed.
The wight closely misses you.
You hit the wight but do no damage.
The wight is almost destroyed.
The wight hits you with a +3 halberd of freezing!
You feel drained. The wight freezes you.
You hit the wight but do no damage.
The wight is almost destroyed.
The wight hits you with a +3 halberd of freezing!
* * * LOW HITPOINT WARNING * * *
The wight freezes you.
* * * LOW HITPOINT WARNING * * *
You hit the wight but do no damage.
The wight is almost destroyed.
You hit the wight but do no damage.
The wight is almost destroyed.
The wight hits you with a +3 halberd of freezing!
* * * LOW HITPOINT WARNING * * *
You feel drained.
You die...

...#
#...'.......'..
.<.+
....###.......##
...# #. #.......#
.....
#.###.......#
.....#
#.....#######
.....# #####..#
.....+ ##o# ##
...... #z##.# ##.
..##... #@##.# #..
#.##.# #.# #.##.#
#.# #.##.###.#
#.##.#...#### .
#.##........######
..
#......###........
... ##..####
#........ .O..
+.>.# #........


You could see a wight and an orc.

Vanquished Creatures
  A water moccasin (Sewer)
  An ice beast (D:6)
  3 centaurs
  A phantom (D:4)
  3 scorpions
  A wight (D:6)
  A jelly (D:5)
  2 hounds
  3 orc priests
  2 iguanas
  7 adders
  2 white imps (D:5)
  2 ufetubi
  A worm (D:4)
  A dart slug (D:1)
  18 orcs
  4 ball pythons
  8 endoplasms
  3 giant cockroaches
  6 hobgoblins
  4 jackals (Sewer)
  4 quokkas
  3 training dummies (D:4)
  6 bats
  5 goblins
  3 kobolds
  6 rats
  A spectral orc (D:5)
102 creatures vanquished.

Vanquished Creatures (collateral kills)
  A sleepcap (D:4)
  An adder (D:4)
  4 gnolls (D:4)
  2 worms (D:4)
  A dart slug (D:4)
9 creatures vanquished.

Vanquished Creatures (others)
  A gnoll sergeant (D:4)
  An orc wizard (D:3)
  An adder (D:4)
  An orc (D:3)
  A goblin (D:4)
  A kobold (D:1)
6 creatures vanquished.

Grand Total: 117 creatures vanquished

Notes
Turn   | Place    | Note
-------+----------+-------------------------------------------
     0 | D:1      | H0rd4k the Human Artificer began the quest for the Orb.
     0 | D:1      | Reached XP level 1. HP: 15/15 MP: 1/1
   209 | D:1      | Found Zecrehad's Distillery.
   259 | D:1      | Reached skill level 1 in Maces & Flails
   259 | D:1      | Reached XP level 2. HP: 19/21 MP: 2/2
   426 | D:1      | Reached XP level 3. HP: 17/26 MP: 3/3
  1203 | D:2      | Reached skill level 1 in Short Blades
  1203 | D:2      | Reached XP level 4. HP: 10/33 MP: 4/4
  1946 | D:3      | Found Waemim's Jewellery Shoppe.
  2273 | D:3      | Found a faded altar of an unknown god.
  2903 | D:3      | Reached XP level 5. HP: 18/38 MP: 2/5
  3381 | D:4      | Noticed a phantom
  3385 | D:4      | Killed a phantom
  3386 | D:4      | Reached XP level 6. HP: 46/46 MP: 6/6
  3450 | D:4      | Found Wallom's Firing Range.
  3530 | D:4      | Noticed Pikel
  3786 | D:4      | Found a glowing drain.
  3804 | Sewer    | Entered a sewer
  3881 | Sewer    | Noticed a water moccasin
  3895 | Sewer    | Killed a water moccasin
  3896 | Sewer    | Reached XP level 7. HP: 18/51 MP: 2/7
  4215 | D:4      | Found the +8 autumn katana {manifold assault}
  4438 | D:4      | Identified the +1 robe "Vemar" {rCorr}
  4618 | D:5      | Entered Level 5 of the Dungeon
  5013 | D:5      | Reached XP level 8. HP: 23/58 MP: 6/8
  5355 | D:5      | Reached skill level 5 in Evocations
  5829 | D:5      | Found a basalt altar of Yredelemnul.
  6228 | D:6      | Reached skill level 5 in Short Blades
  6228 | D:6      | Found a blossoming altar of Fedhas.
  6687 | D:6      | Slain by a wight

Illustrated notes

Levels and vault maps discovered:
D:1:      dpeg_arrival_erosion, layout_loops_cross, serial_shops, shop
D:2:      layout_loops_ring
D:3:      layout_loops_corners, serial_shops, shop,
          hellmonk_ecumenical_altar_run_dry
D:4:      layout_loops_corners, cheibrodos_sewer_entry_bend,
          nicolae_shop_firing_range, uniq_pikel
D:5:      layout_basic, yredelemnul_forgotten_temple_becter
D:6:      layout_basic, marbit_many_paths, mainiacjoe_overflow_small_starburst,
          minmay_temple_entry_stoned_glass, serial_shops, shop

Skill      XL: |  1  2  3  4  5  6  7  8 |
---------------+-------------------------+-----
Maces & Flails | 1 |  1.0
Short Blades   | 1 2 3 4 5 |  5.4
Fighting       | 2 3 |  3.9
Dodging        | 2 3 4 |  4.6
Stealth        | 2 3 |  3.4
Evocations     | 4 5 |  5.1
Armour         | |  2.0

Action                     |  1- 3 |  4- 6 |  7- 9 || total
---------------------------+-------+-------+-------++-------
  Melee: Club              |    42 |       |       ||    42
         Punch             |     1 |     3 |     1 ||     5
         Dagger            |   129 |   199 |   296 ||   624
  Evoke: Wand              |     7 |    27 |     8 ||    42
    Use: Scroll            |       |     7 |     1 ||     8
         Potion            |       |     3 |       ||     3
   Stab: Sleeping          |     1 |     3 |     2 ||     6
 Armour: Leather armour    |    52 |    60 |    74 ||   186
         Robe              |       |       |    20 ||    20
  Dodge: Dodged            |   131 |   123 |   171 ||   425
